cohdb
Replays
Latest Replays
All Replays
Popular Replays
Top Player Replays
Match Explorer
How It Works
Community
CoH3 Stats
Reddit
Sign in to upload your games and track your stats! →
Sign in with Steam
Match 25390384
Unlisted
Match 25390384
Overview
Messages
Build Orders
End
Construct Barracks
Selects Airborne Battlegroup
Selects Heavy Machine Gun Paradrop
Heavy Machine Gun Paradrop
Riflemen Squad
Riflemen Squad
Infantry Support Center
Heavy Machine Gun Paradrop
M1918 Browning Automatic Rifles
Riflemen Squad
Munitions Surplus
Selects Paratrooper Squad Paradrop
Construct Medical Station
Grenade Package
Selects Anti-tank Gun Team Paradrop
Riflemen Squad
Anti-tank Gun Team Paradrop
Riflemen Squad
Riflemen Squad
Anti-tank Gun Team Paradrop
Selects Recon Loiter
Recon Loiter
Advanced Logistics
Survival Training
Recon Loiter
Riflemen Squad
Riflemen Squad
ConcernedApe
S37
Rummel
PattonsFinest
0
0
Comments
sign in to comment!
No comments posted yet!